 Dungeon Crawl Stone Soup version 0.20-a0-509-ga2a529b (webtiles) character file.

198 M4edhros the Vexing (level 6, -9/44 HPs)
             Began as a Formicid Arcane Marksman on Jan 22, 2017.
             Mangled by an ogre
             ... wielding a +0 giant club
              (28 damage)
             ... on level 4 of the Dungeon.
             The game lasted 00:01:28 (1907 turns).

M4edhros the Vexing (Formicid Arcane Marksman)      Turns: 1907, Time: 00:01:29

Health: -9/44      AC:  2    Str: 14    XL:     6   Next: 6%
Magic:  9/9        EV: 13    Int: 13    God:
Gold:   42         SH:  0    Dex: 13    Spells: 8/9 levels left

rFire    . . .     SeeInvis +   i - +0 dagger (venom)
rCold    . . .     Gourm    .   e - +0 robe
rNeg     . . .     Faith    .   (no shield)
rPois    .         Spirit   .   (helmet unavailable)
rElec    .         Reflect  .   (no cloak)
rCorr    .         Harm     .   (no gloves)
MR       .....                  (no boots)
Stlth    ++........             (no amulet)
Regen    0.2/turn               (no ring)
                                (no ring)

@: no status effects
A: permanent stasis, dig shafts and tunnels, four strong arms, antennae 3
a: Dig, Shaft Self


You were on level 4 of the Dungeon.
You were very hungry.

You visited 1 branch of the dungeon, and saw 4 of its levels.

You collected 42 gold pieces.

Inventory:

Hand Weapons
 a - a +0 hand crossbow
 i - a +0 dagger of venom (weapon)
Missiles
 d - 15 bolts
 n - 8 steel tomahawks (quivered)
Armour
 e - a +0 robe (worn)
Scrolls
 b - 2 scrolls of identify {unknown}
 g - a scroll of blinking {unknown}
 k - a scroll of recharging {unknown}
 l - a scroll of magic mapping {unknown}
 m - 2 scrolls of teleportation {unknown}
 q - a scroll of remove curse {unknown}
 r - a scroll of enchant weapon {unknown}
Potions
 j - a potion of haste {unknown}
 o - a potion of mutation {unknown}
 p - a potion of heal wounds {unknown}
 s - a potion of curing {unknown}
Books
 c - a book of Debilitation

   Spells                             Type                      Level
   a - Corona                         Hexes                        1
   b - Slow                           Hexes                        2
   c - Gell's Gravitas                Hexes/Translocation          3
   d - Inner Flame                    Hexes/Fire                   3
   e - Cause Fear                     Hexes                        4
   f - Leda's Liquefaction            Hexes/Earth                  4
Comestibles
 f - 2 bread rations
 h - 2 meat rations


   Skills:
 + Level 2.2 Fighting
 * Level 3.3 Crossbows
 + Level 2.4 Dodging
 * Level 3.1 Stealth
 + Level 2.2 Spellcasting
 + Level 4.2 Hexes


You had 8 spell levels left.
You knew the following spells:

 Your Spells              Type           Power        Failure   Level  Hunger
a - Corona                Hex            ##.....      6%          1    ##.....


Dungeon Overview and Level Annotations

Branches:
Dungeon (4/15)
 Temple: D:4-7

Altars:


Innate Abilities, Weirdness & Mutations

You cannot be hasted, slowed, berserked, paralysed or teleported.
You can dig through walls and to a lower floor.
Your four strong arms can wield two-handed weapons with a shield.
You have a pair of large antennae on your head. (SInv)


Message History

No target in view!
Found a falchion.
Found an escape hatch in the ceiling.
No target in view!
An ogre comes into view. It is wielding a giant club.
There is an open door here.
The ogre shouts!
You hit the ogre but do no damage. The ogre barely misses you.
There is an open door here.
You barely miss the ogre. The ogre hits you with a giant club!!
Ouch! That really hurt!
You are feeling very hungry.
Casting: Corona
Confirm with . or Enter, or press ? or * to list all spells.
Okay, then.
You aren't carrying any items that you can evoke.
Unknown command.
Okay, then.
The ogre hits you with a giant club!!
Ouch! That really hurt!
You die...

....#...##....##..............#..
....#...##....###########.....#..
....#.........# #....'.....##'
#####.........# #....#........
..............# #....#........
........##...########..##........
...##...##...###..###..#####+#...
...##...##........#..........#...
...#.....#.....O@.#..........#...
...#....>#........'..........#...
...#.....#........#..........#...
...##...####.##'##############...
...##...####'##..###...##........
.... ................'........
................#........
................#........
................#........


You could see an ogre.

Vanquished Creatures
  A phantom (D:4)
  A howler monkey (D:4)
  An iguana (D:4)
  3 adders
  A worm (D:4)
  2 dart slugs
  An orc (D:3)
  A giant cockroach (D:3)
  A goblin (D:2)
  A hobgoblin (D:1)
  A bat (D:1)
  2 frilled lizards (D:1)
  2 kobolds
18 creatures vanquished.

Notes
Turn   | Place    | Note
-------+----------+-------------------------------------------
     0 | D:1      | M4edhros the Formicid Arcane Marksman began the quest for the Orb.
     0 | D:1      | Reached XP level 1. HP: 15/15 MP: 2/2
   186 | D:1      | Reached XP level 2. HP: 11/21 MP: 3/3
   805 | D:2      | Reached XP level 3. HP: 26/26 MP: 5/5
   921 | D:3      | Reached skill level 1 in Stealth
  1034 | D:4      | Reached XP level 4. HP: 22/33 MP: 6/6
  1421 | D:4      | Reached skill level 4 in Hexes
  1421 | D:4      | Reached XP level 5. HP: 7/38 MP: 7/7
  1719 | D:4      | Noticed a phantom
  1732 | D:4      | Killed a phantom
  1732 | D:4      | Reached XP level 6. HP: 33/44 MP: 7/9
  1883 | D:4      | Noticed an ogre
  1907 | D:4      | Mangled by an ogre

Vault maps used:
D:1:      saegor_arrival_simple_f, minmay_domino_4
D:2:      first_bread, nrook_mini_backslash, uniq_jessica
D:3:      nemelex_xobeh_ov_fountains_minmay, grunt_gozag_statues,
          overflow_temple_1_default, led_xom_imps, uniq_natasha

Skill      XL: |  1  2  3  4  5 |
---------------+----------------+-----
Dodging        | 2 |  2.4
Stealth        | 1 2 3 |  3.1
Fighting       | 2 |  2.2
Hexes          | 4 |  4.2
Crossbows      | 3 |  3.3
Spellcasting   | 2 |  2.2

Action                   |  1- 3 |  4- 6 || total
-------------------------+-------+-------++-------
Melee: Dagger            |    45 |    31 ||    76
 Fire: Hand crossbow     |     6 |    11 ||    17
 Stab: Sleeping          |     1 |       ||     1
  Eat: Chunk             |       |     2 ||     2
Armor: Robe              |     7 |     4 ||    11
Dodge: Dodged            |    22 |    16 ||    38
